 Dungeon Crawl Stone Soup version 0.31-a0-672-g7da72447bb (webtiles) character file.

Game seed: 4626558814863947875

1395 Dirtsage the Mimic (level 8, -6/48 HPs)
             Began as an Octopode Shapeshifter on Sept 4, 2023.
             Was a Follower of Elyvilon.
             Mangled by a wight
             ... wielding a +4 morningstar of freezing
              (9 damage)
             ... on level 6 of the Dungeon.
             The game lasted 00:10:35 (4591 turns).

Dirtsage the Mimic (Octopode Shapeshifter)          Turns: 4591, Time: 00:10:35

Health: -6/48      AC:  1    Str: 22    XL:     8   Next: 68%
Magic:  8/8        EV: 13    Int: 12    God:    Elyvilon [*.....]
Gold:   391        SH:  5    Dex: 11    Spells: 7/7 levels left

rFire   . .          .
                       - Unarmed
rCold   . . .        (no shield)
rNeg    . . .        (helmet currently unavailable)
rPois   .            m - amulet of reflection
rElec   .            C - ring of resist corrosion
rCorr   +            w - +6 ring of strength
SInv    .            (no ring)
Will    .....        (no ring)
Stlth   ++           (no ring)
HPRegen 0.28/turn    (no ring)
MPRegen 0.11/turn    (no ring)
                     (no ring)

%: reflection
@: beast-form, marked
A: beast (slay +4), almost no armour, amphibious, 8 rings, camouflage 1,
gelatinous body 1, (nimble swimmer 1), tentacles
a: Begin Untransformation, Renounce Religion, Purification


You were on level 6 of the Dungeon.
You worshipped Elyvilon.
Elyvilon was aware of your devotion.
You were a hulking beast.
You visited 1 branch of the dungeon, and saw 6 of its levels.
You also visited: Ossuary.

You collected 391 gold pieces.

Inventory:

Missiles
 i - 3 curare-tipped darts
Magical Staves
 h - a staff of cold
 j - a staff of earth
Jewellery
 m - an amulet of reflection (around mantle)
 w - a +6 ring of strength (right tentacle)
 C - a ring of resist corrosion (left tentacle)
Talismans
 b - a beast talisman (active)
 c - a flux talisman
Wands
 p - a wand of iceblast (6)
 D - a wand of digging (1)
 G - a wand of flame (16)
Scrolls
 a - 3 scrolls of noise {unknown}
 d - 2 scrolls of acquirement {unknown}
 e - a scroll of vulnerability
 k - a scroll of poison {unknown}
 l - a scroll of enchant armour
 n - a scroll of fog
 t - a scroll of teleportation
 u - a scroll of immolation {unknown}
 x - a scroll of silence
 y - 3 scrolls of enchant weapon {unknown}
 H - a scroll of revelation {unknown}
Potions
 f - 7 potions of might {unknown}
 g - 3 potions of haste {unknown}
 o - a potion of degeneration {unknown}
 q - 2 potions of curing
 r - a potion of brilliance {unknown}
 s - a potion of attraction {unknown}
 v - a potion of enlightenment {unknown}
 z - a potion of lignification
 A - 3 potions of heal wounds {unknown}
 B - a potion of invisibility {unknown}
 E - a potion of mutation {unknown}
 F - a potion of berserk rage {unknown}


   Skills:
 - Level 1.0 Fighting
 - Level 2.0 Dodging
 + Level 6.7 Unarmed Combat
 * Level 8.4 Shapeshifting


You had 7 spell levels left.
You didn't know any spells.
Your spell library contained the following spells:

 Spells                   Type           Power      Damage    Failure   Level
 Shock                    Conj/Air       0%         1d3       32%         1
 Slow                     Hex            0%         N/A       32%         1
 Cigotuvi's Dreadful Rot  Necr/Pois/Air  0%         N/A       45%         2
 Confusing Touch          Hex            0%         N/A       69%         3
 Ignite Poison            Fire/Tmut/Pois 0%         N/A       69%         3
 Swiftness                Air            0%         N/A       69%         3
 Vampiric Draining        Necr           0%         2d6       69%         3
 Airstrike                Air            0%         2d(0-16)  97%         4
 Freezing Cloud           Conj/Ice/Air   0%         6-21      100%        5


Dungeon Overview and Level Annotations

Branches:
Dungeon (6/15)            Ossuary (visited)
 Temple: D:4-7

Altars:
Elyvilon
Fedhas
Gozag
Yredelemnul
Zin

Annotations:
D:5 1 runed translucent door, Crazy Yiuf


Innate Abilities, Weirdness & Mutations

You are a hulking beast.
Your limbs bulge with bestial killing power. (Slay +4)
You cannot wear most types of armour.
You are amphibious.
You can wear up to eight rings at the same time.
Your skin changes colour to match your surroundings (Stealth+).
Your rubbery body absorbs attacks. (AC +1, EV +1)
((You are camouflaged when in or above water. (Stealth+)))
You have tentacles for arms and can constrict up to eight enemies at once.


Message History

You tentacle-slap the killer bee. You grab the killer bee.
You squeeze the killer bee.
The killer bee is heavily wounded.
You constrict the killer bee. The killer bee stings you.
You are poisoned.
The killer bee poisons you!
The sky beast flickers out of sight!
Deactivating autopickup; reactivate with Ctrl-A.
The killer bee misses you.
You take 6 damage, and have 25/48 hp.
You closely miss the killer bee.
The killer bee is severely wounded.
You constrict the killer bee.
You feel sick.
A killer bee comes into view.
You block the killer bee's attack.
An adder comes into view.
The howler monkey closely misses you.
You take 1 damage, and have 24/48 hp.
You closely miss the killer bee.
The killer bee is almost dead.
Your surroundings suddenly seem different.
You lose your grip on something.
You feel sick.
You take 1 damage, and have 23/48 hp.
You feel sick.
You take 2 damage, and have 21/48 hp.
You feel sick.
A wight comes into view.
It is wielding a +4 morningstar of freezing.
You feel sick.
You take 1 damage, and have 20/48 hp.
You feel sick.
You take 1 damage, and have 19/48 hp.
You feel sick.
You are no longer poisoned.
You take 1 damage, and have 18/48 hp.
An ufetubus comes into view.
A wight comes into view. It is wielding a +2 battleaxe.
You barely miss the wight. Your grab misses the wight.
The wight hits you with a +4 morningstar of freezing!
* * * LOW HITPOINT WARNING * * *
The wight freezes you!
You die...

##### #.h.#
######z#.##
#....)5...#
#[........#
#.........#
#..?......#
#..........#
.z.........#
##..........#


You could see 2 wights and an ufetubus.

Vanquished Creatures
  An orc warrior (D:6)
  An ice beast (D:5)
  2 black bears (D:4)
  2 ogres (D:4)
  2 bullfrogs (D:6)
  A scorpion (D:5)
  4 centaur zombies (Ossuary)
  2 jellies (D:4)
  2 orc priests
  A sleepcap (D:5)
  Jessica (D:2)
  Ijyb (D:3)
  2 iguanas
  3 orc wizards
  5 mummies (Ossuary)
  A gnoll (D:6)
  3 adders
  A shadow imp (D:5)
  2 ufetubi
  2 worms
  A dart slug (D:3)
  12 orcs
  4 endoplasms
  5 giant cockroaches
  7 goblins
  4 hobgoblins
  10 jackals
  6 quokkas
  7 ball pythons
  5 bats
  5 frilled lizards
  5 hobgoblin zombies (Ossuary)
  11 kobolds
  7 rats
128 creatures vanquished.

Notes
Turn   | Place    | Note
-------+----------+-------------------------------------------
     0 | D:1      | Dirtsage the Octopode Shapeshifter began the quest for the
                  | Orb.
     0 | D:1      | Reached XP level 1. HP: 13/13 MP: 1/1
    77 | D:1      | You fall into a shaft and drop 1 floor!
    77 | D:2      | Found a basalt altar of Yredelemnul.
    89 | D:2      | Reached XP level 2. HP: 15/18 MP: 2/2
   388 | D:1      | Reached XP level 3. HP: 20/23 MP: 3/3
  1110 | D:2      | Noticed Jessica
  1117 | D:2      | Killed Jessica
  1118 | D:2      | Reached skill level 4 in Shapeshifting
  1118 | D:2      | Reached XP level 4. HP: 27/28 MP: 4/4
  1648 | D:3      | Found an opulent altar of Gozag.
  1674 | D:3      | Noticed Ijyb
  1685 | D:3      | Killed Ijyb
  1686 | D:3      | Reached XP level 5. HP: 21/33 MP: 5/5
  1921 | D:3      | Found a faded altar of an unknown god.
  1997 | D:3      | Found a glowing silver altar of Zin.
  2170 | D:4      | Reached skill level 5 in Shapeshifting
  2181 | D:4      | Reached XP level 6. HP: 25/38 MP: 6/6
  2322 | D:4      | Noticed a black bear
  2325 | D:4      | Killed a black bear
  2427 | D:4      | Noticed a black bear
  2434 | D:4      | Killed a black bear
  2435 | D:4      | Reached skill level 5 in Unarmed Combat
  2435 | D:4      | Reached skill level 6 in Shapeshifting
  2496 | D:4      | Reached XP level 7. HP: 31/43 MP: 7/7
  2683 | D:4      | Found a white marble altar of Elyvilon.
  2698 | D:4      | Became a worshipper of Elyvilon the Healer
  3167 | D:5      | Entered Level 5 of the Dungeon
  3169 | D:5      | Found a blossoming altar of Fedhas.
  3284 | D:5      | Reached skill level 7 in Shapeshifting
  3391 | D:5      | Reached * piety under Elyvilon
  3404 | D:5      | Found a sand-covered staircase.
  3409 | Ossuary  | Entered an ossuary
  3423 | Ossuary  | Reached XP level 8. HP: 23/48 MP: 8/8
  3893 | D:5      | Found a runed translucent door.
  3894 | D:5      | Noticed Crazy Yiuf
  4361 | D:6      | Upgraded the game from 0.31-a0-667-g39726597b9 to
                  | 0.31-a0-672-g7da72447bb
  4393 | D:6      | Reached skill level 8 in Shapeshifting
  4591 | D:6      | Mangled by a wight

Illustrated notes

Levels and vault maps discovered:
D:1:      psy_arrival_terrarium, layout_basic
D:2:      layout_basic, serial_curves, eino_curves_04, eino_curves_02,
          basic_altar, kennysheep_cluttered_room, uniq_jessica
D:3:      layout_rooms, pdpol_temple_overflow_zin_treasury_gozag_greed,
          shapermc_ecumenical_altar_petra, serial_bayou_pond_e, uniq_ijyb
D:4:      layout_loops_cross, amcnicky_altar_gilded
D:5:      layout_gridville, mainiacjoe_overflow_tiny_flanked, enter_ossuary_5,
          uniq_crazy_yiuf_cottage
D:6:      layout_rooms

Skill      XL: |  1  2  3  4  5  6  7  8 |
---------------+-------------------------+-----
Shapeshifting  | 4 5 6 7 8 |  8.4
Unarmed Combat | 4 5 6 |  6.7
Fighting       | |  1.0
Dodging        | |  2.0

Action                     |  1- 3 |  4- 6 |  7- 9 || total
---------------------------+-------+-------+-------++-------
  Melee: Unarmed           |    74 |    82 |   113 ||   269
         Tentacles         |    10 |    12 |    27 ||    49
         Constrict         |    19 |    19 |    26 ||    64
         Punch             |     3 |     2 |     3 ||     8
  Evoke: Wand              |       |     3 |       ||     3
    Use: Scroll            |     2 |       |     5 ||     7
         Potion            |       |     2 |     2 ||     4
   Stab: Sleeping          |     8 |     4 |     3 ||    15
         Distracted        |     1 |       |       ||     1
 Armour: Skin              |    18 |    43 |    58 ||   119
  Dodge: Dodged            |    37 |    26 |    66 ||   129
  Block: Other             |       |    14 |    26 ||    40

Table legend: (Time is in decaauts)
 A = Elapsed time spent in this place.
 B = Non-inter-level travel time spent in this place.
 C = Inter-level travel time spent in this place.
 D = Time resting spent in this place.
 E = Time spent auto-exploring this place.
 F = Levels seen in this place.
 G = Mean time per level.
                   A        B        C        D        E       F      G
               +--------+--------+--------+--------+--------+-----+--------+
         Total |   4564 |   4357 |    207 |    334 |   3131 |   7 |  652.0 |
       Dungeon |   4227 |   4020 |    207 |    234 |   2989 |   6 |  704.5 |
       Ossuary |    337 |    337 |      0 |    100 |    142 |   1 |  337.0 |
               +--------+--------+--------+--------+--------+-----+--------+

Top non-repeatable levels by time:
     D:4: 1068 daAuts
     D:1: 875 daAuts
     D:5: 822 daAuts
     D:3: 667 daAuts
     D:2: 541 daAuts
 Ossuary: 337 daAuts
     D:6: 253 daAuts
